 Dungeon Sprint DCSS version 0.24.1-14-gf8d2b509d9 (webtiles) character file.

Game seed: 14687613011127920097, levelgen mode: deterministic

438 NoSkeletonsAllowed the Cleaver (level 6, -13/57 HPs)
             Began as a Minotaur Gladiator on Mar 5, 2022.
             Was an Initiate of Wu Jian.
             Mangled by Sonja
             ... wielding a +1 dagger of distortion
              (16 damage)
             ... in the Dungeon (Sprint I: "Red Sonja") on Mar 6, 2022.
             The game lasted 00:06:18 (584 turns).

NoSkeletonsAllowed the Cleaver (Minotaur Gladiator)  Turns: 584, Time: 00:06:20

Health: -13/57     AC:  3    Str: 20    XL:     6   Next: 69%
Magic:  5/5        EV: 17    Int:  5    God:    Wu Jian [......]
Gold:   162        SH:  0    Dex: 12    Spells: 5/5 levels left

rFire    . . .     SeeInvis .   a - +0 war axe
rCold    . . .     Gourm    .   (no shield)
rNeg     . . .     Faith    .   b - +0 leather armour
rPois    .         Spirit   .   c - +0 hat
rElec    .         Reflect  .   (no cloak)
rCorr    .         Harm     .   (no gloves)
MR       .....     NoTele   +   (no boots)
Stlth    +.........             (no amulet)
HPRegen  0.19/turn              (no ring)
MPRegen  0.09/turn              (no ring)

@: lethally poisoned (-13 -> -14), slowed, very slow
A: retaliatory headbutt, horns 2
a: Renounce Religion


You were in the Dungeon.
You worshipped Wu Jian.
Wu Jian was noncommittal.
You were not hungry.

You visited 1 branch You collected 162 gold pieces.

Inventory:

Hand Weapons
 a - a +0 war axe (weapon)
 d - a +1 scythe of venom
Armour
 b - a +0 leather armour (worn)
 c - a +0 hat (worn)
 g - a +0 robe
Wands
 l - a wand of polymorph (2)
 n - a wand of random effects (16)
Scrolls
 k - a scroll of blinking
 m - a scroll of amnesia {unknown}
Potions
 e - a potion of curing
 h - a potion of haste
 i - 2 potions of magic
 j - a potion of berserk rage
Comestibles
 f - a ration


   Skills:
 + Level 5.7 Fighting
 + Level 11.1 Axes
 + Level 5.4 Throwing
 + Level 2.5 Armour
 + Level 9.6 Dodging
 + Level 1.4 Stealth
 + Level 2.4 Unarmed Combat


You had 5 spell levels left.
You didn't know any spells.
Your spell library was empty.

Dungeon Overview and Level Annotations

Branches:
Dungeon (1/1)

Altars:
Cheibriados
Dithmenos
Elyvilon
Fedhas
Gozag
Hepliaklqana
Kikubaaqudgha
Nemelex Xobeh
Okawaru
Qazlal
Ru
Sif Muna
Trog
Uskayaw
Vehumet
Wu Jian
Yredelemnul
Zin
The Shining One

Shops:
D =

Annotations:
D Sonja


Innate Abilities, Weirdness & Mutations

You reflexively headbutt those who attack you in melee.
You have a pair of horns on your head.


Message History

You closely miss Sonja. Your headbutt misses Sonja.
You feel sick. Sonja closely misses you. You furiously retaliate!
You headbutt Sonja! Sonja hits you but does no damage. Space bends around you.
Sonja hits you but does no damage. Space bends around you.
Sonja barely misses you. Sonja hits you but does no damage.
Space bends around you.
Sonja hits you with a +1 dagger of distortion.
You barely miss Sonja.
Sonja is moderately wounded.
Sonja hits you with a +1 dagger of distortion.
Space warps horribly around you!
* * * LOW HITPOINT WARNING * * *
Sonja hits you but does no damage.
You feel a strange sense of stasis. Sonja completely misses you.
Sonja hits you but does no damage. Space bends around you.
* * * LOW HITPOINT WARNING * * *
Sonja hits you with a +1 dagger of distortion.
* * * LOW HITPOINT WARNING * * *
Space warps horribly around you!
You die...

#..').#..'..#..+
#.)#####'#####'#
#..####..# #.#
#..#__#### ##.#
#..#_____##+#_.+
#⌠⌠#_.∩..†'.(._#
####_..__##_.#+#
#_____###'#
####### #@#


+$K$+ #$.$# ##.## #+# You could see Sonja.

Vanquished Creatures
  Sigmund (D)
  A yak (D)
  An ogre (D)
  A jelly (D)
  Ijyb (D)
5 creatures vanquished.

Notes
Turn   | Place    | Note
-------+----------+-------------------------------------------
     0 | D        | NoSkeletonsAllowed the Minotaur Gladiator began the quest
                  | for the Orb.
     0 | D        | Reached XP level 1. HP: 18/18 MP: 0/0
     1 | D        | Noticed Ijyb
    29 | D        | Killed Ijyb
    29 | D        | Reached skill level 5 in Axes
    29 | D        | Reached skill level 5 in Dodging
    29 | D        | Reached XP level 2. HP: 26/26 MP: 1/1
   148 | D        | Noticed an ogre
   168 | D        | Killed an ogre
   168 | D        | Reached skill level 7 in Axes
   168 | D        | Reached skill level 1 in Unarmed Combat
   168 | D        | Reached XP level 3. HP: 33/33 MP: 2/2
   168 | D        | Reached XP level 4. HP: 40/40 MP: 3/3
   184 | D        | Noticed Sigmund
   198 | D        | Killed Sigmund
   198 | D        | Reached skill level 5 in Fighting
   198 | D        | Reached skill level 9 in Axes
   198 | D        | Reached skill level 1 in Armour
   198 | D        | Reached XP level 5. HP: 22/48 MP: 4/4
   525 | D        | Found an ornate altar of the Wu Jian Council.
   525 | D        | Found a shimmering blue altar of Sif Muna.
   527 | D        | Found a radiant altar of Vehumet.
   533 | D        | Reached skill level 10 in Axes
   533 | D        | Reached skill level 1 in Stealth
   533 | D        | Reached XP level 6. HP: 56/56 MP: 5/5
   553 | D        | Became a worshipper of the Wu Jian Council
   556 | D        | Found Ykky's Jewellery Emporium.
   556 | D        | Found an ancient bone altar of Kikubaaqudgha.
   556 | D        | Found a stormy altar of Qazlal.
   556 | D        | Found a blossoming altar of Fedhas.
   556 | D        | Found a bloodstained altar of Trog.
   556 | D        | Found an iron altar of Okawaru.
   556 | D        | Found a glowing golden altar of the Shining One.
   556 | D        | Found a glowing silver altar of Zin.
   556 | D        | Found a white marble altar of Elyvilon.
   556 | D        | Noticed a yak
   557 | D        | Found a hazy altar of Hepliaklqana.
   557 | D        | Found a hide-covered altar of Uskayaw.
   557 | D        | Found a basalt altar of Yredelemnul.
   557 | D        | Found an opulent altar of Gozag.
   557 | D        | Found a snail-covered altar of Cheibriados.
   557 | D        | Found a sacrificial altar of Ru.
   557 | D        | Found a shadowy altar of Dithmenos.
   560 | D        | Killed a yak
   560 | D        | Reached skill level 11 in Axes
   560 | D        | Reached skill level 5 in Throwing
   561 | D        | Found a sparkling altar of Nemelex Xobeh.
   580 | D        | Noticed Sonja
   584 | D        | Mangled by Sonja

Levels and vault maps discovered:
D:        dungeon_sprint_1 [red_sonja_temple_1, red_sonja_temple_small_1]

Skill      XL: |  1  2  3  4  5  6 |
---------------+-------------------+-----
Fighting       | 3 4 5 |  5.7
Axes           | 5 7 9 10 11 | 11.1
Dodging        | 5 6 8 9 |  9.6
Throwing       | 3 4 5 |  5.4
Unarmed Combat | 1 2 |  2.4
Armour         | 1 2 |  2.5
Stealth        | 1 |  1.4

Action                   |  1- 3 |  4- 6 || total
-------------------------+-------+-------++-------
Melee: Unarmed           |     6 |       ||     6
       War axe           |     6 |    12 ||    18
       Headbutt          |     2 |     4 ||     6
Throw: Throwing net      |     4 |       ||     4
Evoke: Wand              |     1 |       ||     1
  Use: Potion            |       |     1 ||     1
 Stab: Confused          |     1 |       ||     1
Armor: Leather armour    |       |     2 ||     2
Dodge: Dodged            |     5 |    12 ||    17
